 Dungeon Crawl Stone Soup version 0.26.1-11-gd32895ea62 (webtiles) character file.

Game seed: 14143074575141755336

576 Contigo the Cudgeller (level 7, -3/55 HPs)
             Began as a Demonspawn Berserker on May 6, 2021.
             Was a Priest of Trog.
             Slain by a naga (12 damage)
             ... on level 5 of the Dungeon.
             The game lasted 00:13:28 (4606 turns).

Contigo the Cudgeller (Demonspawn Berserker)        Turns: 4606, Time: 00:13:29

Health: -3/55      AC:  7    Str: 18    XL:     7   Next: 12%
Magic:  7/7        EV: 14    Int: 10    God:    Trog [***...]
Gold:   205        SH:  0    Dex: 18    Spells: 6/6 levels left

rFire    . . .     SeeInvis .   a - +1 mace
rCold    . . .     Faith    .   (no shield)
rNeg     + + +     Spirit   .   s - +1 robe of Baske {Rampage *Drain rN++ Int+2}
rPois    .         Reflect  .   (no helmet)
rElec    .         Harm     .   (no cloak)
rCorr    .         Rampage  +   (no gloves)
Will     .....                  (no boots)
Stlth    ++++......             (no amulet)
HPRegen  0.18/turn              l - ring of positive energy
MPRegen  0.10/turn              h - +4 ring of protection

@: lethally poisoned (-3 -> -4), berserk cooldown, slowed, very slow
A: thin skeletal structure 2, spiny 1
a: Renounce Religion, Berserk, Trog's Hand


You were on level 5 of the Dungeon.
You worshipped Trog.
Trog was most pleased with you.
You visited 1 branch of the dungeon, and saw 5 of its levels.

You collected 205 gold pieces.

Inventory:

Hand Weapons
 a - a +1 mace (weapon)
 m - a +0 arbalest
 v - a +0 great sword
Missiles
 g - 57 arrows
Armour
 e - a +1 ring mail
 s - the +1 robe of Baske (worn) {Rampage *Drain rN++ Int+2}
   (You found it on level 4 of the Dungeon)

   It affects your intelligence (+2).
   It greatly protects you from negative energy.
   It causes draining when unequipped.
   It bestows one free step when moving towards enemies.
Jewellery
 b - a +6 ring of intelligence
 h - a +4 ring of protection (right hand)
 l - a ring of positive energy (left hand)
 z - an uncursed ring of resist corrosion
Wands
 o - a wand of flame (11)
 t - a wand of polymorph (5)
 y - a wand of enslavement (9)
Scrolls
 c - a scroll of identify
 i - 6 scrolls of remove curse
 j - 2 scrolls of enchant armour
 k - 3 scrolls of teleportation
 q - a scroll of amnesia
 r - 2 scrolls of immolation {unknown}
 w - a scroll of magic mapping {unknown}
 x - a scroll of random uselessness {unknown}
Potions
 d - a potion of haste {unknown}
 f - 3 potions of berserk rage
 n - a potion of curing {unknown}
 p - a potion of lignification {unknown}
 u - a potion of flight {unknown}


   Skills:
 + Level 4.4 Fighting
 * Level 5.2 Maces & Flails
 + Level 3.4 Armour
 + Level 3.4 Dodging


You had 6 spell levels left.
You didn't know any spells.
Your spell library was empty.

Dungeon Overview and Level Annotations

Branches:
Dungeon (5/15)
 Temple: D:4-7

Altars:
Ashenzari
Elyvilon
Kikubaaqudgha
Makhleb
Nemelex Xobeh
Xom
Zin
The Shining One


Innate Abilities, Weirdness & Mutations

You have a moderately thin skeletal structure. (Dex +4, Stealth+)
You are partially covered in sharp spines.


Message History

Here: a naga (lightly wounded) Item here: a +0 giant club.
The floor.
You barely miss the naga.
The naga is lightly wounded.
The naga hits you.
* * * LOW HITPOINT WARNING * * *
Your worker ant zombie bites the naga.
The naga closely misses you.
Your worker ant zombie closely misses the naga.
You barely miss the naga.
The naga is lightly wounded.
You feel sick. The naga spits poison at you. The splash of poison misses you.
Your worker ant zombie bites the naga.
The naga closely misses you.
You thump the naga!
The naga is heavily wounded.
Your worker ant zombie bites the naga but does no damage.
The naga hits you!
You die...

### ..# #.# #.# #.#
####.#### #.†.N@..#####
########.##Z.......#
#........##........# .
#........##.....##.####..
#.......O###.#..#........
#.......)))..............
#..)............#........
#.......####....<..####..
#.......# ####.####


You could see a naga (catching breath) and a friendly worker ant zombie
(charmed).

Vanquished Creatures
  A phantom (D:4)
  2 scorpions (D:5)
  A howler monkey (D:5)
  A crimson imp (D:3)
  An orc priest (D:5)
  3 orc wizards (D:3)
  Ijyb (D:4)
  2 hound skeletons
  5 adders
  A white imp (D:5)
  An ooze (D:5)
  A worm (D:3)
  2 dart slugs
  3 leopard geckos
  11 orcs
  5 giant cockroaches
  8 goblins
  5 hobgoblins
  4 kobolds
  3 quokkas
  A ball python (D:3)
  5 bats
  5 frilled lizards
  23 rats
95 creatures vanquished.

Notes
Turn   | Place    | Note
-------+----------+-------------------------------------------
     0 | D:1      | Contigo the Demonspawn Berserker began the quest for the
                  | Orb.
     0 | D:1      | Reached XP level 1. HP: 18/18 MP: 1/1
   531 | D:1      | Gained mutation: You have a somewhat thin skeletal
                  | structure. (Dex +2, Stealth) [demonic ancestry]
   531 | D:1      | Reached XP level 2. HP: 18/24 MP: 2/2
   783 | D:1      | Reached skill level 3 in Maces & Flails
  1089 | D:2      | Found an ancient bone altar of Kikubaaqudgha.
  1233 | D:2      | Reached XP level 3. HP: 29/29 MP: 3/3
  1388 | D:2      | Found a glowing silver altar of Zin.
  1388 | D:2      | Found a white marble altar of Elyvilon.
  1389 | D:2      | Found a glowing golden altar of the Shining One.
  2154 | D:3      | Gained mutation: You are partially covered in sharp spines.
                  | [demonic ancestry]
  2154 | D:3      | Reached XP level 4. HP: 35/35 MP: 4/4
  2171 | D:3      | Reached ** piety under Trog
  2393 | D:3      | Reached XP level 5. HP: 29/41 MP: 5/5
  2608 | D:3      | Reached skill level 4 in Maces & Flails
  2786 | D:3      | Found a shimmering altar of Xom.
  2786 | D:3      | Found a burning altar of Makhleb.
  2850 | D:3      | Found a broken altar of Ashenzari.
  3092 | D:4      | Noticed Ijyb
  3110 | D:4      | Killed Ijyb
  3596 | D:4      | Noticed a phantom
  3615 | D:4      | Killed a phantom
  3616 | D:4      | Reached XP level 6. HP: 48/48 MP: 6/6
  3664 | D:4      | Got a distressingly furry robe
  3683 | D:4      | Identified the +1 robe of Baske {Rampage *Drain rN++ Int+2}
                  | (You found it on level 4 of the Dungeon)
  3733 | D:4      | Found a sparkling altar of Nemelex Xobeh.
  4158 | D:4      | Reached *** piety under Trog
  4536 | D:5      | Entered Level 5 of the Dungeon
  4581 | D:5      | Reached skill level 5 in Maces & Flails
  4590 | D:5      | Gained mutation: You have a moderately thin skeletal
                  | structure. (Dex +4, Stealth+) [demonic ancestry]
  4590 | D:5      | Reached XP level 7. HP: 52/55 MP: 7/7
  4606 | D:5      | Slain by a naga

Illustrated notes

Levels and vault maps discovered:
D:1:      lightli_arrival_statue_moat, layout_basic
D:2:      layout_loops_corners, good_gods_temple_1, kiku_gazebo_pond_becter
D:3:      layout_basic, grunt_temple_overflow_champion_of_chaos,
          ashenzari_altar_1, serial_glass, glass_columns_c, glass_columns_a,
          grunt_ministairs_4
D:4:      layout_loops_ring, lemuel_crystal_altar, minmay_rat_hole, uniq_ijyb
D:5:      layout_loops_cross, overflow_temple_1_default,
          kennysheep_generic_room_16

Skill      XL: |  1  2  3  4  5  6 |
---------------+-------------------+-----
Maces & Flails | 3 4 5 |  5.2
Armour         | 2 3 |  3.4
Dodging        | 2 3 |  3.4
Fighting       | 4 |  4.4

Action                   |  1- 3 |  4- 6 |  7- 9 || total
-------------------------+-------+-------+-------++-------
Melee: Mace              |    79 |   140 |     6 ||   225
Invok: Berserk           |     1 |     4 |       ||     5
Evoke: Wand              |       |       |     3 ||     3
  Use: Scroll            |     8 |     3 |       ||    11
 Stab: Sleeping          |     1 |     9 |       ||    10
Armor: Ring mail         |    31 |    27 |       ||    58
       Robe              |       |    10 |     3 ||    13
Dodge: Dodged            |    52 |    67 |    10 ||   129
